 Dungeon Crawl Stone Soup version 0.31.0-9-g3a7656b989 (webtiles) character file.

Game seed: 10508310881702704118

96 qw the Shooter (level 4, 0/22 HPs)
             Began as a Spriggan Hunter on Feb 2, 2024.
             Incinerated by a bombardier beetle (1 damage)
             ... with a burning spray
             ... on level 5 of the Dungeon.
             The game lasted 00:00:04 (1422 turns).

qw the Shooter (Spriggan Hunter)                    Turns: 1422, Time: 00:00:04

Health: 0/22       AC:  2    Str:  7    XL:     4   Next: 41%
Magic:  5/5        EV: 20    Int: 10    God:
Gold:   61         SH:  0    Dex: 20    Spells: 3/3 levels left

rFire   + . .        a - +0 shortbow
rCold   + . .        (shield currently unavailable)
rNeg    . . .        c - +0 robe
rPois   .            (helmet restricted)
rElec   .            j - scarf {rC+ rF+}
rCorr   .            (gloves unavailable)
SInv    +            (boots unavailable)
Will    .....        (no amulet)
Stlth   +            (no ring)
HPRegen 0.23/turn    (no ring)
MPRegen 0.09/turn

%: no passive effects
@: on fire, glowing, very quick
A: very small, no large weapons, unfitting armour, see invisible, speed 3
a: no special abilities


You were on level 5 of the Dungeon.
You visited 1 branch of the dungeon, and saw 5 of its levels.

You collected 61 gold pieces.


Innate Abilities, Weirdness & Mutations

You are very small and have problems with some larger weapons.
You are too small for most types of armour.
You have supernaturally acute eyesight. (SInv)
You cover ground extremely quickly. (Speed+++)


   Skills:
 - Level 1.5 Fighting
 - Level 5.0 Ranged Weapons
 + Level 4.8 Dodging
 - Level 1.5 Stealth


You had 3 spell levels left.
You didn't know any spells.
Your spell library was empty.

Inventory:

Hand Weapons
 a - a +0 shortbow (weapon)
Armour
 c - a +0 robe (worn)
 j - a scarf of resistance (worn)
Scrolls
 b - 5 scrolls of teleportation
Potions
 e - a potion of mutation
 f - a potion of attraction {unknown}
 g - a potion of resistance {unknown}
 h - a potion of curing {unknown}
 i - 2 potions of might
 m - a potion of enlightenment {unknown}

Dungeon Overview and Level Annotations

Branches:
Dungeon (6/15)
 Temple: D:4-7

Altars:


Message History

The bombardier beetle misses you.
You shoot an arrow.
The arrow completely misses the bombardier beetle.
You shoot an arrow.
The arrow barely misses the bombardier beetle.
The bombardier beetle sprays incendiary fluid at you.
The burning spray hits you.
You are covered in liquid fire!
You shoot an arrow. The arrow hits the bombardier beetle!
The bombardier beetle is severely wounded.
The liquid fire burns you! The bombardier beetle misses you.
You shoot an arrow. The arrow hits the bombardier beetle.
The bombardier beetle is severely wounded.
The liquid fire burns you!
You shoot an arrow.
The arrow barely misses the bombardier beetle.
The liquid fire burns you!
The bombardier beetle barely misses you.
You shoot an arrow. The arrow hits the bombardier beetle.
The bombardier beetle is almost dead.
The liquid fire burns you!
The bombardier beetle closely misses you.
You shoot an arrow. The arrow hits the bombardier beetle.
You kill the bombardier beetle!
The liquid fire burns you!
You have reached level 4!
You are on fire!
The liquid fire burns you!
You are on fire!
The liquid fire burns you!
You are on fire!
The liquid fire burns you!
You are on fire!
The liquid fire burns you!
You are on fire!
The liquid fire burns you!
You are on fire!
The liquid fire burns you!
You die...

#.. ... #..
#.# #.# #.#
#.## #@.##
......%#..#
.......##.##
.......
#..##########
.......
##...........
....$..
####>%......
#######
########.


There were no monsters in sight!

Vanquished Creatures
  A bombardier beetle (D:5)
  An iguana (D:5)
  An adder (D:6)
  A dart slug (D:1)
  5 ball pythons
  An endoplasm (D:1)
  7 hobgoblins
  5 kobolds
  2 bats
  A goblin (D:1)
  2 rats (D:1)
27 creatures vanquished.

Notes
Turn   | Place    | Note
-------+----------+-------------------------------------------
     0 | D:1      | qw the Spriggan Hunter began the quest for the Orb.
     0 | D:1      | Reached XP level 1. HP: 10/10 MP: 2/2
     0 | D:1      | 0 ||| qw: Version: 0.3-a-155-g5e7d8dd
     0 | D:1      | 0 ||| qw: Game counter: 1666
     0 | D:1      | 0 ||| qw: Melee chars always use a shield: true
     0 | D:1      | 0 ||| qw: God list: Okawaru
     0 | D:1      | 0 ||| qw: Allow faded altars: false
     0 | D:1      | 0 ||| qw: Do Orc after clearing Dungeon:15 true
     0 | D:1      | 0 ||| qw: Do second Lair branch before Depths: true
     0 | D:1      | 0 ||| qw: Lair rune preference: random
     0 | D:1      | 0 ||| qw: Goals: Normal
     0 | D:1      | 0 ||| PLANNING D:1-11
   192 | D:1      | Reached skill level 3 in Dodging
   340 | D:1      | Reached XP level 2. HP: 14/14 MP: 3/3
   841 | D:1      | 841 ||| UPGRADING to scarf of resistance.
   846 | D:1      | 846 ||| READING scroll labelled ELITUGAFOS.
   847 | D:1      | 847 ||| READING scroll labelled APIECO NUEKAIBA.
   852 | D:1      | 852 ||| READING scroll labelled ARENGA NETUUXU.
   852 | D:1      | 852 ||| IDENTIFYING murky black potion
   853 | D:1      | 853 ||| DROPPING scroll of butterflies.
  1284 | D:2      | 1284 ||| DRINKING 3 fuming white potions.
  1291 | D:3      | 1291 ||| PLANNING SEWER
  1294 | D:3      | Reached XP level 3. HP: 18/18 MP: 4/4
  1327 | D:3      | You fall into a shaft and drop 3 floors!
  1352 | D:5      | Entered Level 5 of the Dungeon
  1362 | D:5      | Reached skill level 5 in Ranged Weapons
  1417 | D:5      | Reached XP level 4. HP: 8/22 MP: 5/5
  1418 | D:5      | HP: 4/22 [burnt (2)]
  1421 | D:5      | HP: 1/22 [burnt (1)]
  1422 | D:5      | Incinerated by a bombardier beetle

Levels and vault maps discovered:
D:1:      dpeg_arrival_castle, layout_basic
D:2:      layout_rooms
D:3:      layout_loops_corners, portal_sewer_entry_d, minmay_misc_feat_tiny,
          grunt_ministairs_5, minmay_fountain_box, minmay_hedge_maze,
          nicolae_nh_oracle_at_delphi
D:5:      layout_basic, grunt_dithmenos_smoke
D:6:      layout_basic, minmay_temple_entry_junction, serial_shops,
          shop_fountains, uniq_crazy_yiuf_cottage

Skill      XL: |  1  2  3 |
---------------+----------+-----
Dodging        | 3 4 |  4.8
Ranged Weapons | 5 |  5.0
Fighting       | |  1.5
Stealth        | |  1.5

Action                     |  1- 3 |  4- 6 || total
---------------------------+-------+-------++-------
   Fire: Shortbow          |    96 |       ||    96
    Use: Scroll            |     3 |       ||     3
         Potion            |     1 |       ||     1
 Armour: Robe              |     6 |       ||     6
  Dodge: Dodged            |    36 |       ||    36

Table legend:
 A = Non-vault XP
 B = Vault XP
 C = Vault XP percentage of total XP
 D = Non-vault monster count
 E = Vault monster count
 F = Vault count percentage of total count
                 A         B        C        D         E       F
            +---------+---------+-------+---------+---------+-------
      Total |     138 |       0 |   0.0 |      27 |       0 |   0.0
            +---------+---------+-------+---------+---------+-------
        D:1 |      21 |       0 |   0.0 |      12 |       0 |   0.0
        D:2 |      19 |       0 |   0.0 |      11 |       0 |   0.0
        D:3 |       2 |       0 |   0.0 |       1 |       0 |   0.0
        D:5 |      83 |       0 |   0.0 |       2 |       0 |   0.0
        D:6 |      13 |       0 |   0.0 |       1 |       0 |   0.0
            +---------+---------+-------+---------+---------+-------
